 Dungeon Crawl Stone Soup version 0.29.1-15-g9cfb28693d (webtiles) character file.

Game seed: 12836034137905661671

34994 Klatu the Unseen (level 13, -4/88 HPs)
             Began as a Vampire Chaos Knight on Feb 14, 2023.
             Was a High Priest of Dithmenos.
             Slain by a vampire mosquito (7 damage)
             ... on level 5 of the Lair of Beasts on Feb 23, 2023.
             The game lasted 02:48:20 (21623 turns).

Klatu the Unseen (Vampire Chaos Knight)            Turns: 21623, Time: 02:48:21

Health: -4/88      AC: 13    Str: 13    XL:     13   Next: 45%
Magic:  17/17      EV: 17    Int: 16    God:    Dithmenos [*****.]
Gold:   627        SH:  0    Dex: 17    Spells: 11/18 levels left

rFire   + . .      SeeInvis +   a - +2 short sword (elec)
rCold   + + .      Faith    .   O - +0 kite shield
rNeg    + + +      Spirit   .   F - +2 robe {rF+}
rPois   ∞          Reflect  .   P - +2 hat
rElec   +          Harm     .   V - scarf {shadows}
rCorr   .          Rampage  .   p - +2 pair of gloves
Will    +....                   (no boots)
Stlth   ++++++++..              q - amulet of magic regeneration
HPRegen 0.00/turn               K - +4 ring of evasion
MPRegen 0.55/turn               r - +4 ring of protection

@: confused, lethally poisoned (-4 -> -4), ambrosia-drunk, bloodless, inhibited
regen, wreathed by umbra, unable to read
A: bloodless, fangs 3, see invisible, vampiric 2, antennae 1, large bone plates
1, thin skeletal structure 1, passive freeze, electricity resistance, wild magic
1, inability to read after injury 1
a: Bat Form, Revivify, Renounce Religion, Shadow Step, Shadow Form


You were on level 5 of the Lair of Beasts.
You worshipped Dithmenos.
Dithmenos was extremely pleased with you.
You visited 3 branches of the dungeon, and saw 18 of its levels.

You collected 1413 gold pieces.
You spent 786 gold pieces at shops.

Inventory:

Hand Weapons
 a - a +2 short sword of electrocution (weapon)
 b - a +0 short sword of venom
 c - a +4 scimitar of flaming
Missiles
 o - 3 atropa-tipped darts (quivered)
 s - 34 poisoned darts
 G - 5 throwing nets
 R - 3 curare-tipped darts
Armour
 p - a +2 pair of gloves (worn)
 F - a +2 robe of fire resistance (worn)
 O - a +0 kite shield (worn)
 P - a +2 hat (worn)
 V - a scarf of shadows (worn)
Jewellery
 q - an amulet of magic regeneration (around neck)
 r - a +4 ring of protection (right hand)
 C - a ring of resist corrosion
 K - a +4 ring of evasion (left hand)
Wands
 v - a wand of mindburst (10)
 x - a wand of polymorph (10)
 z - a wand of iceblast (32)
 B - a wand of digging (1)
 H - a wand of paralysis (17)
 I - a wand of flame (7)
Scrolls
 d - a scroll of fear
 f - 2 scrolls of torment
 h - 3 scrolls of amnesia
 i - 2 scrolls of summoning
 y - 3 scrolls of poison
 N - a scroll of acquirement {unknown}
 S - a scroll of silence {unknown}
 U - a scroll of enchant armour
Potions
 e - a potion of invisibility
 g - 2 potions of attraction
 j - 4 potions of brilliance
 l - 13 potions of curing
 m - 2 potions of cancellation
 t - a potion of flight
 u - 5 potions of might
 E - 2 potions of magic
 L - 2 potions of haste
 M - a potion of mutation
 Q - a potion of ambrosia
Miscellaneous
 J - a piece from Xom's chessboard (15/15)


   Skills:
 + Level 13.4 Fighting
 - Level 12.0 Short Blades
 + Level 4.1 Armour
 + Level 5.9 Dodging
 + Level 15.9 Stealth
 + Level 4.4 Shields
 + Level 3.0 Spellcasting
 + Level 5.1 Translocations


You had 11 spell levels left.
You knew the following spells:

 Your Spells              Type           Power      Damage    Failure   Level
a - Blink                 Tloc           48%        N/A       14%         2
b - Manifold Assault      Tloc           24%        N/A       91%         5

Your spell library contained the following spells:

 Spells                   Type           Power      Damage    Failure   Level
 Lesser Beckoning         Tloc           24%        N/A       26%         3
 Freeze                   Ice            12%        1d4       56%         1
 Necrotise                Necr           12%        1d4       56%         1
 Sting                    Tmut/Pois      12%        1d3       56%         1
 Ensorcelled Hibernation  Hex/Ice        6%         N/A       71%         2
 Poisonous Vapours        Pois/Air       6%         N/A       71%         2
 Frozen Ramparts          Ice            6%         1d1       89%         3
 Vampiric Draining        Necr           3%         2d6       89%         3
 Corpse Rot               Necr/Pois/Air  3%         N/A       99%         4
 Hailstorm                Conj/Ice       3%         3d3       99%         4
 Olgreb's Toxic Radiance  Pois           3%         N/A       99%         4
 Agony                    Necr           3%         N/A       100%        5
 Alistair's Intoxication  Tmut/Pois      2%         N/A       100%        5
 Borgnjor's Vile Clutch   Necr/Erth      1%         N/A       100%        5
 Eringya's Noxious Bog    Tmut/Pois      1%         N/A       100%        6
 Storm Form               Tmut/Air       1%         N/A       100%        7
 Maxwell's Capacitive Co  Air            1%         ∞         100%        8


Dungeon Overview and Level Annotations

Branches:
Dungeon (12/15)            Temple (1/1) D:7            Lair (5/5) D:10
  Swamp (0/4) Lair:3       Spider (0/4) Lair:3          Orc (0/2) D:12
  Slime: Lair:4-5

Altars:
Ashenzari
Cheibriados
Dithmenos
Fedhas
Gozag
Hepliaklqana
Kikubaaqudgha
Makhleb
Nemelex Xobeh
Okawaru
Qazlal
Ru
Sif Muna
Trog
Uskayaw
Vehumet
Wu Jian
Xom
Yredelemnul

Shops:
D:11 *?*:?

Annotations:
D:1 exclusion: 2 sensed monsters (detected)
D:8 1 runed translucent door, y3s's ghost, novice MiBe
D:11 2 runed translucent doors, xian's ghost, journeyman GrFi


Innate Abilities, Weirdness & Mutations

You do not regenerate when monsters are visible.
You are frail without blood (-20% HP).
You can heal yourself when you bite living creatures.
You are immune to poison.
You have razor-sharp teeth.
You have supernaturally acute eyesight. (SInv)
You are afflicted with vampirism and can become a bat while bloodless.
You have a pair of small antennae on your head.
You are partially covered in large bone plates. (SH +4)
You have a somewhat thin skeletal structure. (Dex +2, Stealth+)
A frigid envelope surrounds you and freezes all who hurt you.
You are resistant to electric shocks. (rElec)
Your spells are a little harder to cast, but a little more powerful.
You occasionally lose the ability to read scrolls when taking damage.


Message History

Your shadow closely misses the cane toad.
The vampire mosquito misses you.
You hit the cane toad but do no damage.
You bite the cane toad, but do no damage.
The cane toad is moderately wounded.
You block the vampire mosquito's attack.
The wyvern bites something!!
The cane toad barely misses you.
You block the vampire mosquito's attack.
You cannot read scrolls in your current state!
You closely miss the cane toad.
The cane toad is moderately wounded.
The vampire mosquito bites you but does no damage.
The vampire mosquito is very cold.
The vampire mosquito is heavily damaged.
The wyvern bites something!!
You completely miss the cane toad.
The cane toad is moderately wounded.
The boulder beetle curls into a ball and begins rolling!
You block the vampire mosquito's attack.
The wyvern bites something.
The cane toad barely misses you.
The cane toad gives a loud, deep croak!
You hit the cane toad but do no damage.
Lightning courses through the cane toad!
You bite the cane toad, but do no damage.
The cane toad is heavily wounded.
The vampire mosquito barely misses you.
The wyvern bites something!
You barely miss the cane toad.
The cane toad is heavily wounded.
The vampire mosquito misses you. You block the cane toad's attack.
The wyvern bites something!
You are confused.
You feel invigorated. The vampire mosquito misses you.
The boulder beetle hits you!!!
Ouch! That really hurt!
* * * LOW HITPOINT WARNING * * *
You emit a cloud of dark smoke.
The boulder beetle stops rolling and uncurls.
The vampire mosquito bites you!
You die...
Xom giggles madly!

#.....####Fy~D≈≈.#P##PPP
#..y.#.# #.y≈##########P
##....## #.#~# ~≈
#...######### ~~#
..#...#...P# ~~~#
............# . ~~≈#
..##...§b...#... b
#..##y#B.°.P. #...
##@#○P.. #P.. #F## ...
##.. #lPP$... #
{........ .....lB..
F..###.F.. .... #...
#...P ...


You could see a boulder beetle, 2 cane toads, a wyvern, a vampire mosquito and a
bat.

Vanquished Creatures
  Gastronok (Lair:1)
  A fire dragon (Lair:1)
  Harold (Lair:1)
  6 hydras
  3 boulder beetles
  A two-headed ogre (D:12)
  Erica (D:8)
  A tengu warrior (D:12)
  3 death yaks (Lair:4)
  Nergalle (Lair:1)
  A bog body (Lair:3)
  An elephant (Lair:3)
  3 black mambas
  A gargoyle (D:11)
  9 cane toads
  Maggie (D:9)
  2 rime drakes
  2 unseen horrors (D:10)
  2 komodo dragons
  A meliai (Lair:3)
  6 trolls
  Prince Ribbit (D:7)
  A dream sheep (Lair:3)
  7 blink frogs
  2 wraiths
  A wyvern (D:7)
  A vampire (D:12)
  A basilisk (Lair:1)
  17 yaks
  A golden eye (D:5)
  2 vampire mosquitoes (Lair:5)
  A swamp worm (Lair:3)
  An acid dragon (D:12)
  9 water moccasins
  5 black bears
  17 orc warriors
  2 sky beasts
  3 ogres
  3 wolves (Lair:2)
  A boggart (D:5)
  A phantom (D:7)
  5 centaurs
  3 kobold brigands
  9 bullfrogs
  A gnoll sergeant (D:9)
  9 scorpions
  23 wights
  9 killer bees
  7 electric eels
  A howler monkey (D:9)
  A gnoll bouda (D:8)
  14 orc priests
  2 jellies
  7 orc wizards
  3 iguanas (D:6)
  18 gnolls
  10 adders
  A shadow imp (D:6)
  A white imp (D:6)
  2 ufetubi
  A dart slug (D:2)
  59 orcs
  5 bats
  4 endoplasms
  6 giant cockroaches
  2 goblins
  5 hobgoblins
  A jackal (D:4)
  19 kobolds
  6 quokkas
  14 ball pythons
  2 frilled lizards
  6 rats
381 creatures vanquished.

Vanquished Creatures (collateral kills)
  4 elephants (Lair:3)
  A quokka (D:3)
5 creatures vanquished.

Vanquished Creatures (others)
  A gnoll bouda (D:6)
  2 gnolls (D:6)
  A bush (Lair:3)
  50 fungi
  124 plants
178 creatures vanquished.

Grand Total: 564 creatures vanquished

Notes
Turn   | Place    | Note
-------+----------+-------------------------------------------
     0 | D:1      | Klatu the Vampire Chaos Knight began the quest for the Orb.
     0 | D:1      | Reached XP level 1. HP: 17/17 MP: 1/1
   243 | D:1      | XOM: divination: detect creatures
   350 | D:1      | Reached XP level 2. HP: 20/23 MP: 2/2
   420 | D:1      | XOM: potion effect (brilliance)
   798 | D:1      | XOM: divination: magic mapping
   822 | D:1      | XOM: silly message
   878 | D:1      | XOM: give mutations
   878 | D:1      | Gained mutation: You have a somewhat thin skeletal
                  | structure. (Dex +2, Stealth+) [Xom's grace]
   878 | D:1      | Gained mutation: You possess an exceptional clarity of
                  | mind. [Xom's grace]
   878 | D:1      | Gained mutation: You have a pair of small antennae on your
                  | head. [Xom's grace]
   878 | D:1      | Gained mutation: A frigid envelope surrounds you and
                  | freezes all who hurt you. [Xom's grace]
  1049 | D:2      | Gained mutation: You are afflicted with vampirism and can
                  | become a bat while bloodless. [Vampire growth]
  1049 | D:2      | Reached XP level 3. HP: 28/28 MP: 3/3
  1380 | D:2      | Found a faded altar of an unknown god.
  1437 | D:2      | Reached skill level 5 in Short Blades
  1760 | D:3      | XOM: summons friendly iron imp
  2072 | D:3      | XOM: god gift: 15 gold pieces
  2243 | D:4      | XOM: polymorph hound -> adder
  2247 | D:4      | Reached XP level 4. HP: 25/34 MP: 4/4
  2318 | D:4      | Got the Octavo of Maledictive Fog
  2390 | D:4      | Noticed a scorpion
  2393 | D:4      | XOM: enchant monster (good)
  2404 | D:4      | Killed a scorpion
  2405 | D:4      | Reached XP level 5. HP: 15/39 MP: 5/5
  2518 | D:4      | XOM: confuse monster(s)
  2733 | D:4      | XOM: cloud trail
  2802 | D:4      | XOM: god gift: amulet of faith
  2849 | D:4      | XOM: give mutations
  2849 | D:4      | Gained mutation: You are partially covered in large bone
                  | plates. (SH +4) [Xom's grace]
  2849 | D:4      | Gained mutation: Your flesh is heat resistant. (rF+) [Xom's
                  | grace]
  2963 | D:4      | XOM: scenery: create altars
  3092 | D:5      | Entered Level 5 of the Dungeon
  3099 | D:5      | XOM: god gift: wand of iceblast (7)
  3219 | D:5      | Reached XP level 6. HP: 46/46 MP: 6/6
  3239 | D:5      | XOM: scenery: create altars
  3317 | D:5      | XOM: polymorph orc wizard -> boggart
  3426 | D:5      | Noticed a water moccasin
  3841 | D:5      | XOM: summons 4 hostile demons
  3842 | D:5      | Noticed a chaos spawn
  3942 | D:5      | Noticed a golden eye
  3942 | D:5      | a water moccasin changed into a golden eye
  3942 | D:5      | XOM: polymorph water moccasin -> golden eye
  3952 | D:5      | Killed a golden eye
  3953 | D:5      | Reached XP level 7. HP: 51/51 MP: 7/7
  3968 | D:6      | XOM: stealth player
  4011 | D:5      | XOM: silly message
  4102 | D:6      | XOM: 1-stop teleportation journey
  4289 | D:6      | XOM: blink monster(s)
  4545 | D:6      | XOM: 1-stop teleportation journey
  4549 | D:6      | XOM: silly message
  4621 | D:6      | Found a bloodstained altar of Trog.
  4632 | D:6      | Reached skill level 10 in Short Blades
  4646 | D:6      | XOM: enchant monster (bad)
  4682 | D:6      | XOM: summons 4 hostile demons
  4826 | D:6      | Reached XP level 8. HP: 42/57 MP: 8/8
  5102 | D:6      | XOM: chaos cloud
  5277 | D:6      | Reached skill level 1 in Stealth
  5416 | D:6      | Reached skill level 2 in Stealth
  5471 | D:7      | Reached skill level 3 in Stealth
  5486 | D:7      | Found a staircase to the Ecumenical Temple.
  5498 | D:7      | Reached skill level 4 in Stealth
  5500 | Temple   | Entered the Ecumenical Temple
  5504 | Temple   | Fell from the grace of Xom
  5504 | Temple   | Became a worshipper of Dithmenos the Shadowed
  5630 | D:7      | Reached XP level 9. HP: 35/66 MP: 9/9
  6179 | D:7      | XOM: god gift: fluorescent wand {god gift}
  6198 | D:7      | Noticed Prince Ribbit
  6382 | D:7      | Killed Prince Ribbit
  6383 | D:7      | Reached skill level 5 in Fighting
  6383 | D:7      | Reached skill level 5 in Stealth
  6524 | D:8      | Noticed Erica
  6532 | D:8      | Reached skill level 6 in Stealth
  6540 | D:8      | Killed Erica
  6541 | D:8      | Reached skill level 7 in Stealth
  6671 | D:8      | XOM: 3-stop teleportation journey
  6795 | D:8      | Found a hazy altar of Hepliaklqana.
  6839 | D:8      | Noticed a boulder beetle
  6856 | D:8      | Killed a boulder beetle
  6857 | D:8      | Reached skill level 8 in Stealth
  6871 | D:8      | Reached XP level 10. HP: 43/79 MP: 10/10
  6982 | D:8      | XOM: scenery: summon butterflies
  7102 | D:8      | Noticed y3s's ghost (novice MiBe)
  7109 | D:8      | Found a runed translucent door.
  7314 | D:8      | Reached skill level 9 in Stealth
  7474 | D:8      | XOM: give mutations
  7474 | D:8      | Lost mutation: You possess an exceptional clarity of mind.
                  | [Xom's mischief]
  7474 | D:8      | Gained mutation: Your body sometimes deteriorates upon
                  | taking damage. [Xom's mischief]
  7474 | D:8      | Lost mutation: Your body sometimes deteriorates upon taking
                  | damage. [Xom's mischief]
  7474 | D:8      | Lost mutation: Your flesh is heat resistant. (rF+) [Xom's
                  | mischief]
  7498 | D:8      | Found a sparkling altar of Nemelex Xobeh.
  7499 | D:8      | Found a shimmering altar of Xom.
  7500 | D:8      | Found a radiant altar of Vehumet.
  7597 | D:8      | XOM: god gift: throwing net
  7669 | D:8      | Reached * piety under Dithmenos
  8376 | D:9      | Noticed Maggie
  8378 | D:9      | Killed Maggie
  8469 | D:9      | XOM: give mutation
  8469 | D:9      | Gained mutation: You occasionally lose the ability to read
                  | scrolls when taking damage. [Xom's mischief]
  8503 | D:9      | Reached skill level 10 in Stealth
  8606 | D:9      | XOM: enchant monster (bad)
  8686 | D:9      | HP: 3/66 [killer bee (3)]
  8704 | D:8      | XOM: noise
  9021 | D:8      | Found a runed translucent door.
  9369 | D:9      | Reached ** piety under Dithmenos
  9748 | D:9      | Reached skill level 11 in Stealth
 10046 | D:10     | Entered Level 10 of the Dungeon
 10154 | D:10     | Found a sacrificial altar of Ru.
 10283 | D:10     | Reached skill level 10 in Fighting
 10355 | D:10     | Found a staircase to the Lair.
 10438 | D:10     | Found a stormy altar of Qazlal.
 11071 | D:10     | Reached XP level 11. HP: 73/73 MP: 11/11
 11164 | D:10     | XOM: summons 1 hostile demon
 11268 | D:10     | Reached skill level 12 in Stealth
 11788 | D:10     | XOM: give mutation
 11788 | D:10     | Gained mutation: You sometimes lose the ability to read
                  | scrolls when taking damage. [Xom's mischief]
 12078 | D:10     | XOM: noise
 12149 | D:10     | XOM: give mutations
 12149 | D:10     | Gained mutation: You have a pair of antennae on your head.
                  | [Xom's mischief]
 12149 | D:10     | Lost mutation: You sometimes lose the ability to read
                  | scrolls when taking damage. [Xom's mischief]
 12149 | D:10     | Gained mutation: You are resistant to electric shocks.
                  | (rElec) [Xom's mischief]
 12484 | D:10     | XOM: noise
 12614 | D:11     | Found a runed translucent door.
 12614 | D:11     | Found a runed translucent door.
 12616 | D:11     | Noticed a skeletal warrior
 12616 | D:11     | Noticed a deep elf annihilator
 12662 | D:11     | Noticed a boulder beetle
 12677 | D:11     | Killed a boulder beetle
 12929 | D:11     | Found Vyem's Assorted Antiques.
 12938 | D:11     | Bought an encrusted chain mail for 285 gold pieces
 12938 | D:11     | Identified the +0 chain mail of Divine Intervention {rElec
                  | Int+5} (You bought it in a shop on level 11 of the Dungeon)
 13018 | D:10     | Learned a level 2 spell: Blink
 13019 | D:10     | XOM: god gift: scroll labelled DOVIRPH JIACLUKH {god gift}
 13028 | D:10     | Learned a level 5 spell: Manifold Assault
 13062 | D:11     | Noticed a fire dragon
 13063 | D:11     | Noticed an ogre mage
 13063 | D:11     | Noticed a necromancer
 13064 | D:11     | Noticed a lich
 13064 | D:11     | Noticed a skeletal warrior
 13066 | D:11     | Noticed xian's ghost (journeyman GrFi)
 13070 | D:11     | Identified the ring "Zorphoim" {EV+4 Slay+2}
 13070 | D:11     | Noticed a skeletal warrior
 13074 | D:11     | Noticed a boulder beetle
 13268 | D:10     | Reached skill level 13 in Stealth
 13344 | D:10     | XOM: give mutations
 13344 | D:10     | Lost mutation: You have a pair of antennae on your head.
                  | [Xom's mischief]
 13344 | D:10     | Gained mutation: Your spells are a little harder to cast,
                  | but a little more powerful. [Xom's mischief]
 13379 | D:10     | Reached skill level 1 in Translocations
 13547 | D:11     | Found Asoraet's Book Boutique.
 13809 | D:11     | Found Ciclean's Magic Scroll Boutique.
 13812 | D:11     | Bought a scroll of amnesia for 68 gold pieces
 13812 | D:11     | Bought a scroll of poison for 68 gold pieces
 13812 | D:11     | Bought a scroll of summoning for 161 gold pieces
 13866 | D:11     | Found Zeelet's Assorted Antiques.
 13917 | D:10     | Killed a boulder beetle
 14247 | D:11     | Found Nainiz's Magic Scroll Boutique.
 14257 | D:11     | Bought a scroll of enchant armour for 90 gold pieces
 14257 | D:11     | Bought a scroll of torment for 114 gold pieces
 14557 | D:11     | Identified the +2 trident of Xeynum {drain, SInv}
 14561 | D:11     | Noticed a two-headed ogre
 14579 | D:11     | Was forgiven by Xom
 14704 | D:11     | Reached *** piety under Dithmenos
 15129 | D:12     | Noticed a five-headed hydra
 15131 | D:12     | Killed a five-headed hydra
 15194 | D:12     | Found a hide-covered altar of Uskayaw.
 15285 | D:12     | Found a staircase to the Orcish Mines.
 15623 | D:12     | Noticed a two-headed ogre
 15628 | D:12     | Killed a two-headed ogre
 15647 | D:12     | Noticed a tengu warrior
 15653 | D:12     | Killed a tengu warrior
 15654 | D:12     | Reached skill level 14 in Stealth
 16247 | D:12     | Noticed a five-headed hydra
 16371 | D:12     | Reached skill level 1 in Armour
 16583 | D:12     | Reached XP level 12. HP: 60/82 MP: 12/12
 17026 | D:12     | Reached skill level 1 in Shields
 17366 | D:12     | Killed a five-headed hydra
 17461 | Lair:1   | Entered Level 1 of the Lair of Beasts
 17481 | Lair:1   | Reached **** piety under Dithmenos
 17525 | Lair:1   | Noticed Nergalle
 17532 | Lair:1   | Killed Nergalle
 17553 | Lair:1   | Noticed Gastronok
 17570 | Lair:1   | Killed Gastronok
 17709 | Lair:1   | Noticed a fire dragon
 18097 | Lair:1   | Noticed Harold
 18379 | Lair:1   | Killed Harold
 18449 | Lair:1   | Killed a fire dragon
 18760 | Lair:2   | Noticed an eight-headed hydra
 18825 | Lair:2   | Noticed a four-headed hydra
 18852 | Lair:2   | Noticed a five-headed hydra
 19457 | Lair:2   | Killed a four-headed hydra
 19458 | Lair:2   | Reached skill level 15 in Stealth
 19539 | Lair:2   | Killed a four-headed hydra
 19571 | Lair:2   | Killed a five-headed hydra
 19572 | Lair:2   | Reached skill level 1 in Spellcasting
 20125 | Lair:3   | Found a hole to the Spider Nest.
 20130 | Lair:3   | Upgraded the game from 0.29.1-14-g9c671dbff4 to
                  | 0.29.1-15-g9cfb28693d
 20232 | Lair:3   | Reached XP level 13. HP: 88/88 MP: 15/15
 20446 | Lair:3   | Reached skill level 5 in Dodging
 20871 | Lair:3   | Found a staircase to the Swamp.
 21361 | Lair:4   | Reached skill level 5 in Translocations
 21383 | Lair:4   | Reached ***** piety under Dithmenos
 21526 | Lair:4   | You fall into a shaft and drop 1 floor!
 21526 | Lair:5   | Entered Level 5 of the Lair of Beasts
 21623 | Lair:5   | HP: 3/88 [boulder beetle (51)]
 21623 | Lair:5   | Slain by a vampire mosquito

Illustrated notes

Levels and vault maps discovered:
D:1:      psy_arrival_conway, layout_basic, hex_tiny
D:2:      layout_rooms, shapermc_ecumenical_altar_totnotflames
D:3:      layout_rooms, moated_statue
D:4:      layout_loops_ring, minmay_fractal_squares_5
D:5:      layout_cave_pools, grunt_ministairs_3
D:6:      layout_gridville, good_gods_mini_temple, trog_butcher_becter,
          minmay_tree_intersection, lemuel_flamethrower_2
D:7:      layout_basic, minmay_temple_entry_junction_2, uniq_prince_ribbit1
D:8:      layout_loops_corners, amcnicky_altar_gilded,
          chequers_temple_overflow_statue_of_worship,
          hellmonk_ghost_happy_afterlife, chequers_serial_rivers_small_b,
          bh_walls_and_bars, uniq_erica
D:9:      layout_rooms, minmay_orc_keep, uniq_maggie
D:10:     layout_irregular_city, nicolae_ru_awakened_eye, lemuel_doored_altar,
          due_lair_maze_entry_diamond, serial_bayou, serial_bayou_ford_a,
          serial_bayou_shore_a, serial_bayou_pond_c, serial_bayou_pond_a,
          nicolae_elevator_lobby_plus
D:11:     layout_cave_pools, muffindrake_ghost_dual_entry, serial_shops,
          kennysheep_mini, nicolae_shop_overgrown_old_shop, shop,
          nicolae_lakefront_shop, shop, grunt_ogre_cave, minmay_misc_feat_tiny
D:12:     layout_roguey, david_orc_5, special_room [special_room_orc],
          eat_drink_and_be_merry_uskayaw
Temple:   nicolae_temple_x_marks_the_god
Lair:1:   dragon1_lemuel, layout_hall_layers, uniq_harold, uniq_nergalle,
          uniq_gastronok
Lair:2:   layout_chaotic_city
Lair:3:   layout_gridlike, nicolae_swamp_entry_splash_gauntlet,
          hellmonk_spider_entry_not_the_bees, st_stairs_5, wad_woods_road_03
Lair:4:   nzn_winding_woodlands_medium [nzn_winding_woodlands_5x5_default,
          nzn_winding_woodlands_5x15_default, nzn_winding_woodlands_hourglass,
          nzn_winding_woodlands_5x5_three,
          nzn_winding_woodlands_center_triple_pond,
          nzn_winding_woodlands_5x5_open_star,
          nzn_winding_woodlands_5x5_checkerboard,
          nzn_winding_woodlands_5x15_pathside_ponds,
          nzn_winding_woodlands_5x5_perimeter], layout_hall_layers,
          minmay_slime_entry_pillars, grunt_megastairs_5,
          infiniplex_staircase_pool
Lair:5:   minmay_lair_end_frog_pond, layout_small_grid, roderic_batcave

Skill      XL: |  1  2  3  4  5  6  7  8  9 10 11 12 13 |
---------------+----------------------------------------+-----
Short Blades   | 4 5 6 7 8 10 12 | 12.0
Fighting       | 4 7 10 12 13 | 13.4
Stealth        | 4 8 11 14 15 | 15.9
Translocations | 3 4 5 |  5.1
Armour         | 1 3 4 |  4.1
Shields        | 3 4 |  4.4
Dodging        | 4 5 |  5.9
Spellcasting   | 1 3 |  3.0

Action                   |  1- 3 |  4- 6 |  7- 9 | 10-12 | 13-15 || total
-------------------------+-------+-------+-------+-------+-------++-------
Melee: Short sword       |   116 |    78 |   292 |   758 |   194 ||  1438
       Bite              |    14 |     6 |    30 |   126 |    46 ||   222
       Punch             |     2 |     3 |     4 |     3 |       ||    12
       Scimitar          |       |       |       |    46 |       ||    46
Throw: Dart              |       |       |    18 |     1 |     3 ||    22
 Cast: Blink             |       |       |       |       |     1 ||     1
 Abil: End Transformatio |       |       |       |     1 |       ||     1
       Bat Form          |       |       |       |     1 |       ||     1
       Exsanguinate      |       |       |       |     1 |       ||     1
Evoke: Wand              |       |       |       |     1 |       ||     1
       Piece from Xom's  |       |       |       |       |     1 ||     1
  Use: Scroll            |       |     7 |     9 |    17 |     5 ||    38
       Potion            |       |       |     1 |     3 |     5 ||     9
 Stab: Paralysed         |     1 |       |       |     2 |       ||     3
       Sleeping          |     8 |     4 |     9 |    45 |     9 ||    75
       Petrified         |       |     3 |       |       |       ||     3
       Distracted        |       |       |     1 |    14 |       ||    15
       Confused          |       |       |     1 |       |       ||     1
Armor: Leather armour    |    19 |    13 |       |       |       ||    32
       Robe              |       |       |    59 |    85 |    22 ||   166
       Skin              |       |       |     7 |       |       ||     7
Dodge: Dodged            |    52 |    25 |    74 |   310 |    70 ||   531
Block: Other             |       |     2 |    23 |    53 |       ||    78
       Kite shield       |       |       |       |   101 |    78 ||   179
